[ AOE2 MATCH · #508095275 ]
UnrankedVietnamese vs Cumans
Player's team · LOSS
Rival team · WIN
[ REPLAY ANALYSIS · EXTRACTED FROM THE RECORDED GAME ]
Feudal
10:58
Castle
24:04
Imperial
—
| APM avg | 42.1 |
| APM peak | 99 |
| eAPM avg | 22.3 |
| Villagers / military | 96 / 90 |
Focus
⚔️ 42.0% · 🌾 58.0%
Rattan Archer ×60 · Archer ×10 · Monk ×9 · Mangonel ×4 · Battle Elephant ×4 · Petard ×2
Feudal
9:07
Castle
26:46
Imperial
53:53
| APM avg | 61.0 |
| APM peak | 111 |
| eAPM avg | 34.3 |
| Villagers / military | 156 / 123 |
Focus
⚔️ 32.5% · 🌾 67.5%
Knight ×60 · Scout Cavalry ×29 · Battering Ram ×15 · Skirmisher ×11 · Monk ×3 · Archer ×3
Match map
Initial resources + every placement click. Lines = walls · curves = elevation contours. ◆ gold · ⬟ stone · ● berries · ✦ relic · ◌ wall gap
Your base· Open — unwalled flank
maxwell's demon's base· Open — unwalled flank
Smoothed initial terrain · ◌ = detected wall gap · hover for details
Inputs per minute
— KOF Bzazel - - maxwell's demon
Build order — KOF Bzazel
First 150 of 282 actions detected
| 0:02 | Build | House |
| 0:02 | Build | House |
| 0:03 | Queue | Villager (Male) |
| 0:03 | Queue | Villager (Male) |
| 0:04 | Queue | Villager (Male) |
| 0:04 | Queue | Villager (Male) |
| 0:04 | Queue | Villager (Male) |
| 1:48 | Research | Loom |
| 2:09 | Queue | Villager (Male) |
| 2:09 | Queue | Villager (Male) |
| 2:22 | Queue | Villager (Male) |
| 2:23 | Queue | Villager (Male) |
| 2:23 | Queue | Villager (Male) |
| 2:24 | Queue | Villager (Male) |
| 3:00 | Queue | Villager (Male) |
| 3:01 | Queue | Villager (Male) |
| 3:01 | Queue | Villager (Male) |
| 3:05 | Queue | Villager (Male) |
| 3:06 | Queue | Villager (Male) |
| 3:17 | Build | Lumber Camp |
| 3:50 | Queue | Villager (Male) |
| 3:51 | Queue | Villager (Male) |
| 4:15 | Queue | Villager (Male) |
| 4:15 | Queue | Villager (Male) |
| 4:40 | Queue | Villager (Male) |
| 4:41 | Queue | Villager (Male) |
| 4:41 | Queue | Villager (Male) |
| 4:47 | Queue | Villager (Male) |
| 4:48 | Queue | Villager (Male) |
| 4:49 | Queue | Villager (Male) |
| 5:13 | Build | House |
| 5:23 | Build | Palisade Gate |
| 5:31 | Queue | Villager (Male) |
| 5:36 | Queue | Villager (Male) |
| 5:36 | Queue | Villager (Male) |
| 5:41 | Build | Palisade Wall |
| 5:42 | Build | Palisade Wall |
| 5:43 | Build | Palisade Wall |
| 5:43 | Build | Palisade Wall |
| 5:46 | Build | Palisade Wall |
| 5:46 | Build | Palisade Wall |
| 5:47 | Build | Palisade Wall |
| 5:47 | Build | Palisade Wall |
| 5:47 | Build | Palisade Wall |
| 6:01 | Build | Palisade Wall |
| 6:15 | Queue | Villager (Male) |
| 7:40 | Queue | Villager (Male) |
| 8:11 | Queue | Villager (Male) |
| 8:13 | Build | House |
| 8:17 | Build | Mill |
| 8:48 | Research | Feudal Age |
| 9:30 | Build | Mining Camp |
| 10:13 | Build | Mining Camp |
| 10:28 | Queue | Villager (Male) |
| 10:28 | Queue | Villager (Male) |
| 10:50 | Queue | Villager (Male) |
| 10:56 | Queue | Villager (Male) |
| 10:58 | Age | Feudal Age |
| 11:12 | Research | Double-Bit Axe |
| 11:17 | Queue | Villager (Male) |
| 11:22 | Build | Barracks |
| 11:29 | Queue | Villager (Male) |
| 11:43 | Build | Mill |
| 11:47 | Queue | Villager (Male) |
| 12:11 | Queue | Spearman |
| 12:16 | Queue | Villager (Male) |
| 12:31 | Queue | Villager (Male) |
| 13:04 | Build | Archery Range |
| 13:14 | Build | House |
| 13:17 | Queue | Villager (Male) |
| 13:38 | Build | Watch Tower |
| 13:39 | Queue | Archer |
| 13:47 | Queue | Villager (Male) |
| 13:54 | Queue | Archer |
| 13:56 | Build | Palisade Wall |
| 14:10 | Queue | Archer |
| 14:31 | Build | Watch Tower |
| 14:38 | Build | Blacksmith |
| 14:46 | Queue | Villager (Male) |
| 14:52 | Build | House |
| 15:05 | Queue | Archer |
| 15:11 | Build | Farm |
| 15:11 | Queue | Villager (Male) |
| 15:26 | Build | Watch Tower |
| 15:31 | Build | Watch Tower |
| 15:36 | Queue | Archer |
| 15:38 | Queue | Villager (Male) |
| 16:09 | Build | Farm |
| 16:10 | Queue | Villager (Male) |
| 16:10 | Queue | Villager (Male) |
| 16:17 | Build | Palisade Wall |
| 16:17 | Build | Palisade Wall |
| 16:18 | Build | Palisade Wall |
| 16:18 | Build | Palisade Wall |
| 16:19 | Build | Palisade Wall |
| 16:20 | Build | Palisade Wall |
| 16:25 | Build | House |
| 16:26 | Build | House |
| 16:39 | Research | Fletching |
| 16:39 | Research | Fletching |
| 16:40 | Build | House |
| 16:43 | Build | House |
| 16:56 | Queue | Archer |
| 17:04 | Build | Watch Tower |
| 17:31 | Build | Farm |
| 17:33 | Build | Farm |
| 17:34 | Queue | Villager (Male) |
| 17:43 | Queue | Archer |
| 18:43 | Build | Farm |
| 18:43 | Build | Farm |
| 18:44 | Build | Farm |
| 18:45 | Build | Farm |
| 18:46 | Build | Farm |
| 18:47 | Queue | Villager (Male) |
| 19:16 | Build | Market |
| 19:19 | Queue | Villager (Male) |
| 19:21 | Queue | Villager (Male) |
| 19:39 | Queue | Villager (Male) |
| 20:03 | Queue | Villager (Male) |
| 20:34 | Build | Watch Tower |
| 20:44 | Queue | Villager (Male) |
| 21:23 | Research | Castle Age |
| 21:34 | Build | Mining Camp |
| 22:11 | Research | Stone Mining |
| 22:52 | Build | Stable |
| 22:58 | Research | Scale Barding Armor |
| 23:35 | Research | Bloodlines |
| 24:04 | Age | Castle Age |
| 24:10 | Build | Castle |
| 24:13 | Queue | Battle Elephant |
| 24:35 | Build | Palisade Wall |
| 24:37 | Build | Palisade Wall |
| 24:47 | Queue | Battle Elephant |
| 25:52 | Queue | Villager (Male) |
| 25:52 | Queue | Villager (Male) |
| 25:53 | Queue | Villager (Male) |
| 26:11 | Queue | Villager (Male) |
| 26:11 | Queue | Villager (Male) |
| 26:11 | Queue | Villager (Male) |
| 26:12 | Queue | Villager (Male) |
| 26:13 | Queue | Villager (Male) |
| 26:13 | Queue | Villager (Male) |
| 27:24 | Build | Siege Workshop |
| 27:30 | Queue | Villager (Male) |
| 27:53 | Queue | Mangonel |
| 28:01 | Build | Monastery |
| 28:19 | Queue | Monk |
| 28:31 | Research | Bodkin Arrow |
| 29:44 | Queue | Villager (Male) |
| 29:44 | Queue | Villager (Male) |
Build order — maxwell's demon
First 150 of 522 actions detected
| 0:03 | Queue | Villager (Male) |
| 0:03 | Queue | Villager (Male) |
| 0:05 | Build | House |
| 0:06 | Build | House |
| 0:18 | Queue | Villager (Male) |
| 0:44 | Queue | Villager (Male) |
| 1:27 | Queue | Villager (Male) |
| 1:59 | Queue | Villager (Male) |
| 2:00 | Queue | Villager (Male) |
| 2:34 | Queue | Villager (Male) |
| 2:34 | Queue | Villager (Male) |
| 2:35 | Build | House |
| 2:58 | Queue | Villager (Male) |
| 2:58 | Queue | Villager (Male) |
| 3:09 | Build | Lumber Camp |
| 3:22 | Queue | Villager (Male) |
| 3:22 | Queue | Villager (Male) |
| 3:43 | Queue | Villager (Male) |
| 3:43 | Queue | Villager (Male) |
| 4:02 | Queue | Villager (Male) |
| 4:21 | Queue | Villager (Male) |
| 4:38 | Queue | Villager (Male) |
| 5:06 | Queue | Villager (Male) |
| 5:38 | Build | Mill |
| 5:51 | Research | Loom |
| 6:22 | Queue | Villager (Male) |
| 6:57 | Research | Feudal Age |
| 6:57 | Research | Feudal Age |
| 7:49 | Queue | Villager (Male) |
| 9:07 | Age | Feudal Age |
| 9:12 | Build | Town Center |
| 9:20 | Research | Double-Bit Axe |
| 9:25 | Queue | Villager (Male) |
| 9:25 | Queue | Villager (Male) |
| 9:55 | Queue | Villager (Male) |
| 10:02 | Build | House |
| 10:08 | Research | Town Watch |
| 10:12 | Queue | Villager (Male) |
| 10:19 | Build | House |
| 10:36 | Queue | Villager (Male) |
| 10:46 | Queue | Villager (Male) |
| 10:48 | Build | House |
| 10:51 | Build | House |
| 10:56 | Queue | Villager (Male) |
| 11:10 | Queue | Villager (Male) |
| 11:26 | Research | Double-Bit Axe |
| 11:29 | Queue | Villager (Male) |
| 11:29 | Queue | Villager (Male) |
| 11:31 | Build | Farm |
| 11:35 | Build | Farm |
| 11:44 | Queue | Villager (Male) |
| 11:44 | Queue | Villager (Male) |
| 11:55 | Queue | Villager (Male) |
| 11:55 | Queue | Villager (Male) |
| 11:58 | Build | Farm |
| 12:05 | Queue | Villager (Male) |
| 12:05 | Queue | Villager (Male) |
| 12:18 | Build | Farm |
| 12:24 | Queue | Villager (Male) |
| 12:25 | Queue | Villager (Male) |
| 12:35 | Queue | Villager (Male) |
| 12:35 | Queue | Villager (Male) |
| 12:43 | Queue | Villager (Male) |
| 12:43 | Queue | Villager (Male) |
| 12:53 | Queue | Villager (Male) |
| 12:58 | Build | Barracks |
| 13:20 | Build | Outpost |
| 13:27 | Build | Outpost |
| 13:29 | Queue | Villager (Male) |
| 13:29 | Queue | Villager (Male) |
| 13:45 | Build | Outpost |
| 13:54 | Queue | Villager (Male) |
| 13:54 | Queue | Villager (Male) |
| 14:09 | Build | House |
| 14:16 | Queue | Villager (Male) |
| 14:16 | Queue | Villager (Male) |
| 14:28 | Build | Palisade Wall |
| 14:38 | Build | House |
| 14:48 | Build | Watch Tower |
| 14:59 | Build | Palisade Wall |
| 15:03 | Queue | Villager (Male) |
| 15:03 | Queue | Villager (Male) |
| 15:13 | Build | House |
| 15:17 | Queue | Villager (Male) |
| 15:18 | Queue | Villager (Male) |
| 15:21 | Build | House |
| 15:22 | Build | House |
| 15:26 | Build | Archery Range |
| 15:29 | Build | Farm |
| 15:30 | Build | Farm |
| 15:30 | Build | Farm |
| 15:30 | Build | Farm |
| 15:30 | Build | Farm |
| 15:37 | Build | Mining Camp |
| 15:44 | Build | Watch Tower |
| 16:07 | Build | Farm |
| 16:08 | Build | Farm |
| 16:14 | Build | Farm |
| 16:18 | Build | Watch Tower |
| 16:26 | Queue | Villager (Male) |
| 16:26 | Queue | Villager (Male) |
| 16:43 | Build | Farm |
| 16:55 | Queue | Villager (Male) |
| 16:58 | Build | House |
| 17:42 | Build | Watch Tower |
| 17:58 | Queue | Skirmisher |
| 17:58 | Queue | Skirmisher |
| 17:59 | Queue | Skirmisher |
| 18:07 | Queue | Villager (Male) |
| 18:28 | Build | Farm |
| 18:28 | Build | Farm |
| 18:31 | Build | Farm |
| 18:32 | Queue | Skirmisher |
| 18:32 | Queue | Skirmisher |
| 18:45 | Queue | Skirmisher |
| 18:52 | Queue | Villager (Male) |
| 18:56 | Build | Farm |
| 19:05 | Build | Lumber Camp |
| 19:20 | Queue | Villager (Male) |
| 19:20 | Queue | Villager (Male) |
| 19:29 | Queue | Villager (Male) |
| 19:29 | Queue | Villager (Male) |
| 19:36 | Queue | Skirmisher |
| 19:37 | Queue | Skirmisher |
| 19:46 | Build | Farm |
| 19:50 | Queue | Villager (Male) |
| 19:50 | Queue | Villager (Male) |
| 19:53 | Queue | Villager (Male) |
| 19:56 | Build | Farm |
| 19:57 | Queue | Villager (Male) |
| 20:14 | Build | Blacksmith |
| 20:22 | Queue | Skirmisher |
| 20:23 | Queue | Villager (Male) |
| 20:23 | Queue | Villager (Male) |
| 20:37 | Build | Watch Tower |
| 20:45 | Queue | Skirmisher |
| 20:46 | Queue | Skirmisher |
| 21:00 | Research | Fletching |
| 21:01 | Queue | Villager (Male) |
| 21:01 | Queue | Villager (Male) |
| 21:19 | Queue | Villager (Male) |
| 21:19 | Queue | Villager (Male) |
| 21:19 | Queue | Villager (Male) |
| 21:28 | Build | Farm |
| 21:29 | Build | Farm |
| 21:29 | Build | Farm |
| 21:29 | Build | Farm |
| 21:29 | Build | Farm |
| 21:38 | Build | Farm |
| 21:39 | Build | Farm |
Match timeline
| 5:41 | KOF Bzazel · wall_segment Palisade Wall x1 |
| 5:42 | KOF Bzazel · wall_segment Palisade Wall x1 |
| 5:43 | KOF Bzazel · wall_segment Palisade Wall x1 |
| 5:43 | KOF Bzazel · wall_segment Palisade Wall x1 |
| 5:46 | KOF Bzazel · wall_segment Palisade Wall x1 |
| 5:46 | KOF Bzazel · wall_segment Palisade Wall x1 |
| 5:47 | KOF Bzazel · wall_segment Palisade Wall x1 |
| 5:47 | KOF Bzazel · wall_segment Palisade Wall x2 |
| 5:47 | KOF Bzazel · wall_segment Palisade Wall x1 |
| 6:01 | KOF Bzazel · wall_segment Palisade Wall x1 |
| 9:07 | maxwell's demon · age_up feudal |
| 10:58 | KOF Bzazel · age_up feudal |
| 11:22 | KOF Bzazel · first_building Barracks |
| 12:58 | maxwell's demon · first_building Barracks |
| 13:04 | KOF Bzazel · first_building Archery Range |
| 13:56 | KOF Bzazel · wall_segment Palisade Wall x1 |
| 14:28 | maxwell's demon · wall_segment Palisade Wall x10 |
| 14:59 | maxwell's demon · wall_segment Palisade Wall x1 |
| 15:26 | maxwell's demon · first_building Archery Range |
| 16:17 | KOF Bzazel · wall_segment Palisade Wall x1 |
| 16:17 | KOF Bzazel · wall_segment Palisade Wall x1 |
| 16:18 | KOF Bzazel · wall_segment Palisade Wall x1 |
| 16:18 | KOF Bzazel · wall_segment Palisade Wall x1 |
| 16:19 | KOF Bzazel · wall_segment Palisade Wall x2 |
| 16:20 | KOF Bzazel · wall_segment Palisade Wall x2 |
| 20:50 | KOF Bzazel · first_market_sell 500 stone |
| 20:51 | KOF Bzazel · first_market_buy 100 food |
| 22:52 | KOF Bzazel · first_building Stable |
| 23:50 | maxwell's demon · first_building Stable |
| 23:57 | maxwell's demon · first_market_sell 100 stone |
| 23:57 | maxwell's demon · first_market_buy 100 food |
| 24:04 | KOF Bzazel · age_up castle |
| 24:10 | KOF Bzazel · first_building Castle |
| 24:35 | KOF Bzazel · wall_segment Palisade Wall x1 |
| 24:37 | KOF Bzazel · wall_segment Palisade Wall x1 |
| 26:39 | maxwell's demon · first_building Siege Workshop |
| 26:46 | maxwell's demon · age_up castle |
| 27:24 | KOF Bzazel · first_building Siege Workshop |
| 27:42 | maxwell's demon · first_building Monastery |
| 28:01 | KOF Bzazel · first_building Monastery |
| 35:13 | maxwell's demon · wall_segment Palisade Wall x1 |
| 36:39 | maxwell's demon · first_building Castle |
| 53:53 | maxwell's demon · age_up imperial |
| 55:35 | KOF Bzazel · resign |
[ AI ANALYSIS · 1 CREDIT ]
What really happened in this match?
Wolo.gg analyzes every decision: build order, eco, micro, common mistakes by bracket. Personalized analysis on WhatsApp or Discord in 30 seconds.
Civ guide
Vietnamese
Perfil
Jugador #6893607